 Dungeon Crawl Stone Soup version 0.25-a0-927-g39f137c8b7 (webtiles) character file.

Game seed: 14976377530434004825, levelgen mode: deterministic

158 Nixze the Grave Robber (level 5, -6/37 HPs)
             Began as a Vampire Necromancer on May 3, 2020.
             Killed from afar by an orc wizard (10 damage)
             ... with a puff of frost
             ... on level 4 of the Dungeon.
             The game lasted 00:08:32 (2471 turns).

Nixze the Grave Robber (Vampire Necromancer)        Turns: 2471, Time: 00:08:33

Health: -6/37      AC:  4    Str:  7    XL:     5   Next: 16%
Magic:  8/9        EV: 12    Int: 19    God:
Gold:   104        SH:  0    Dex: 14    Spells: 7/9 levels left

rFire    . . .     SeeInvis +   e - +0 long sword
rCold    . . .     Gourm    .   (no shield)
rNeg     . . .     Faith    .   p - +0 leather armour
rPois    .         Spirit   .   (no helmet)
rElec    .         Reflect  .   f - +0 cloak
rCorr    .         Harm     .   (no gloves)
MR       .....                  (no boots)
Stlth    ++........             (no amulet)
HPRegen  0.32/turn              g - ring of see invisible
MPRegen  0.11/turn              (no ring)

@: regenerating quickly
A: no food, fangs 3, see invisible, unbreathing
a: Exsanguinate


You were on level 4 of the Dungeon.
You were alive.

You visited 1 branch of the dungeon, and saw 4 of its levels.

You collected 104 gold pieces.

Inventory:

Hand Weapons
 a - a +2 whip of venom
 b - a +0 hunting sling
 e - a +0 long sword (weapon)
Missiles
 d - 15 poisoned darts
 l - 5 stones (quivered)
 n - 53 sling bullets
Armour
 f - a +0 cloak (worn)
 p - a +0 leather armour (worn)
Jewellery
 g - a ring of see invisible (left hand)
Scrolls
 i - 5 scrolls of teleportation
Potions
 c - 2 potions of berserk rage {unknown}
 h - 2 potions of haste {unknown}
 j - 3 potions of invisibility {unknown}
 k - 2 potions of lignification {unknown}
 m - 2 potions of curing {unknown}
 o - 4 potions of heal wounds {unknown}


   Skills:
 + Level 1.5 Fighting
 + Level 0.2 Long Blades
 + Level 3.1 Dodging
 + Level 4.1 Stealth
 + Level 2.6 Spellcasting
 * Level 5.5 Necromancy


You had 7 spell levels left.
You knew the following spells:

 Your Spells              Type           Power        Failure   Level  Hunger
a - Pain                  Necr           ###.         2%          1    N/A
b - Animate Skeleton      Necr           N/A          2%          1    N/A

Your spell library contained the following spells:

 Spells                   Type           Power        Failure   Level  Hunger
 Vampiric Draining        Necr           ###.......   8%          3    N/A
 Animate Dead             Necr           N/A          24%         4    N/A
 Agony                    Necr           ###.....     56%         5    N/A

Dungeon Overview and Level Annotations

Branches:
Dungeon (4/15)
 Temple: D:4-7

Altars:


Innate Abilities, Weirdness & Mutations

You do not eat.
Your natural rate of healing is unusually fast.
You have razor-sharp teeth.
You have supernaturally acute eyesight. (SInv)
You can survive without breathing.


Message History

The orc wizard points at you and mumbles some strange words.
The magic dart hits you. The orc wizard closely misses you.
You riposte.
You hit the orc wizard. Your bite misses the orc wizard.
The orc wizard is moderately wounded.
You barely miss the orc wizard. You bite the orc wizard.
The orc wizard is severely wounded.
The orc wizard hits you but does no damage.
The orc wizard hits you with a +0 dagger.
* * * LOW HITPOINT WARNING * * *
The orc wizard barely misses you.
Okay, then.
You barely miss the orc wizard. Your bite misses the orc wizard.
The orc wizard is severely wounded.
The orc wizard points at you and mumbles some strange words.
The puff of frost hits you.
* * * LOW HITPOINT WARNING * * *
The orc wizard hits you but does no damage.
The orc wizard casts a spell at you. The puff of frost hits you!
You die...

...........#........#
######.....#........#
#.....#'#########
#####...........#
#..#..........)#
#..#..........o##+#..
###'#..........o.$....
#.......##o#####......
#.......#.o@+ .....
#.......+...# o...
#.......##+#### ...
###+#.........# ##
#.........#
#.........#
#.........##
##+##.†....# #......+


You could see 2 orc wizards.

Vanquished Creatures
  An orc wizard (D:4)
  Jessica (D:2)
  3 adders (D:3)
  An ooze (D:2)
  An adder skeleton (D:3)
  A worm (D:3)
  2 dart slugs
  A leopard gecko (D:1)
  4 orcs
  3 bats (D:1)
  A giant cockroach (D:4)
  9 goblins
  5 hobgoblins
  A jackal (D:1)
  A quokka (D:3)
  A ball python (D:2)
  2 frilled lizards
  5 kobolds
  3 rats
46 creatures vanquished.

Vanquished Creatures (collateral kills)
  An adder (D:2)
  2 leopard geckos (D:3)
  A goblin (D:3)
  A jackal (D:1)
  A kobold (D:1)
6 creatures vanquished.

Grand Total: 52 creatures vanquished

Notes
Turn   | Place    | Note
-------+----------+-------------------------------------------
     0 | D:1      | Nixze the Vampire Necromancer began the quest for the Orb.
     0 | D:1      | Reached XP level 1. HP: 13/13 MP: 3/3
    77 | D:1      | Learned a level 1 spell: Animate Skeleton
   298 | D:1      | Reached XP level 2. HP: 10/19 MP: 0/5
  1068 | D:2      | Reached XP level 3. HP: 25/25 MP: 6/6
  1225 | D:2      | Noticed Jessica
  1228 | D:2      | Killed Jessica
  1228 | D:2      | Reached skill level 1 in Fighting
  1228 | D:2      | Reached skill level 5 in Necromancy
  1228 | D:2      | Reached XP level 4. HP: 32/32 MP: 7/7
  2455 | D:4      | Reached XP level 5. HP: 25/37 MP: 5/9
  2471 | D:4      | Killed from afar by an orc wizard

Levels and vault maps discovered:
D:1:      dpeg_arrival_ternary, layout_rooms, kennysheep_boxes
D:2:      layout_loops_ring, uniq_jessica
D:3:      layout_loops_ring, first_ration
D:4:      layout_gridville, makhleb_blood_cavern_becter

Skill      XL: |  1  2  3  4 |
---------------+-------------+-----
Fighting       | 1 |  1.5
Necromancy     | 5 |  5.5
Dodging        | 3 |  3.1
Stealth        | 4 |  4.1
Long Blades    | |  0.2
Spellcasting   | |  2.6

Action                   |  1- 3 |  4- 6 || total
-------------------------+-------+-------++-------
Melee: Club              |    12 |       ||    12
       Bite              |     4 |     5 ||     9
       Unarmed           |     1 |       ||     1
       Whip              |    24 |    61 ||    85
       Long sword        |       |    18 ||    18
 Fire: Hunting sling     |     2 |       ||     2
 Cast: Pain              |    24 |     2 ||    26
       Animate Skeleton  |     9 |     9 ||    18
  Use: Scroll            |       |     5 ||     5
 Stab: Sleeping          |     1 |     4 ||     5
Armor: Robe              |     5 |       ||     5
       Leather armour    |       |    22 ||    22
Dodge: Dodged            |    24 |    46 ||    70
       Rpst.: Long sword |       |     5 ||     5

Table legend:
 A = Non-vault XP
 B = Vault XP
 C = Vault XP percentage of total XP
 D = Non-vault monster count
 E = Vault monster count
 F = Vault count percentage of total count
                 A         B        C        D         E       F
            +---------+---------+-------+---------+---------+-------
      Total |     189 |      37 |  16.4 |      51 |       1 |   1.9
            +---------+---------+-------+---------+---------+-------
        D:1 |      21 |       0 |   0.0 |      12 |       0 |   0.0
        D:2 |      39 |      37 |  48.7 |      14 |       1 |   6.7
        D:3 |      84 |       0 |   0.0 |      22 |       0 |   0.0
        D:4 |      45 |       0 |   0.0 |       3 |       0 |   0.0
            +---------+---------+-------+---------+---------+-------
